 Dungeon Crawl Stone Soup version 0.29-a0-297-g7659ce593d (console) character file.

Game seed: 4154394826676051245

10875 Ignak the Thaumaturge (level 11, -1/83 HPs)
             Began as a Gnoll Hedge Wizard on Mar 22, 2022.
             Was a Priest of Sif Muna.
             Slain by an orc knight
             ... wielding a +0 dire flail
              (9 damage)
             ... on level 2 of the Orcish Mines.
             The game lasted 00:50:21 (13353 turns).

Ignak the Thaumaturge (Gnoll Hedge Wizard)         Turns: 13353, Time: 00:50:22

Health: -1/83      AC: 10    Str: 14    XL:     11   Next: 68%
Magic:  22/24      EV: 15    Int: 18    God:    Sif Muna [***...]
Gold:   848        SH:  0    Dex: 14    Spells: 9/29 levels left

rFire   + . .      SeeInvis .   a - +9 mace {freeze, rC- Str+4 Dex+3 Stlth+}
rCold   x . .      Faith    .   (no shield)
rNeg    . . .      Spirit   .   u - +0 steam dragon scales
rPois   .          Reflect  .   (helmet currently unavailable)
rElec   .          Harm     .   h - scarf {repulsion}
rCorr   .          Rampage  .   (no gloves)
Will    .....                   (boots currently unavailable)
Stlth   +++++.....              G - amulet of the acrobat
HPRegen 1.03/turn               B - ring of fire
MPRegen 0.19/turn               F - +4 ring of protection

@: appendages, wereblooded, repel missiles
A: horns 2, talons 2, fangs 1, strong nose, distributed training, cold
resistance 1, regeneration 1, subdued magic 1
a: End Transformation, Renounce Religion, Channel Magic, Forget Spell


You were on level 2 of the Orcish Mines.
You worshipped Sif Muna.
Sif Muna was most pleased with you.
You had temporarily grown beastly horns and talons.
You visited 3 branches of the dungeon, and saw 13 of its levels.

You collected 848 gold pieces.

Inventory:

Hand Weapons
 a - the +9 mace "Neph" (weapon) {freeze, rC- Str+4 Dex+3 Stlth+}
   (You found it on level 2 of the Dungeon)

   It freezes those it strikes, dealing additional cold damage.
   It can also slow down cold-blooded creatures.
   Str:       It affects your strength (+4).
   Dex:       It affects your dexterity (+3).
   rC:        It makes you vulnerable to cold.
   Stlth:     It makes you more stealthy.
 b - a +0 shortbow of flaming
 E - a +0 spear
Missiles
 d - 2 javelins (quivered)
Armour
 c - a +0 hat (melded)
 h - a scarf of repulsion (worn)
 k - a +0 pair of boots (melded)
 q - +0 shadow dragon scales
 u - +0 steam dragon scales (worn)
 w - the +0 ring mail "Mueto" {rF+ rN+ Str+3 Int-4}
   (You found it on level 6 of the Dungeon)

   Str:       It affects your strength (+3).
   Int:       It affects your intelligence (-4).
   rF:        It protects you from fire.
   rN:        It protects you from negative energy.
Jewellery
 m - an amulet of faith
 v - an amulet of magic regeneration
 z - a ring of resist corrosion
 B - a ring of fire (left hand)
 F - a +4 ring of protection (right hand)
 G - an amulet of the acrobat (around neck)
Wands
 s - a wand of iceblast (13)
 y - a wand of charming (2)
 C - a wand of digging (6)
 D - a wand of polymorph (6)
Scrolls
 f - 3 scrolls of identify
 g - 4 scrolls of enchant weapon
 n - a scroll of holy word
 t - a scroll of enchant armour
 x - a scroll of fog
Potions
 e - a potion of resistance
 i - 2 potions of mutation
 l - a potion of heal wounds {unknown}
 o - a potion of lignification
 r - 2 potions of magic


   Skills:
 + Level 6.5 Fighting
 + Level 6.5 Short Blades
 + Level 6.5 Long Blades
 + Level 6.5 Axes
 + Level 6.5 Maces & Flails
 + Level 6.5 Polearms
 + Level 6.5 Staves
 + Level 6.5 Slings
 + Level 6.5 Bows
 + Level 6.5 Crossbows
 + Level 6.5 Throwing
 + Level 6.5 Armour
 + Level 8.0 Dodging
 + Level 7.8 Stealth
 + Level 6.5 Shields
 + Level 6.5 Unarmed Combat
 + Level 9.8 Spellcasting
 + Level 5.9 Conjurations
 + Level 5.4 Hexes
 + Level 5.9 Summonings
 + Level 5.4 Necromancy
 + Level 5.9 Translocations
 + Level 5.4 Transmutations
 + Level 5.4 Fire Magic
 + Level 5.4 Ice Magic
 + Level 5.4 Air Magic
 + Level 5.4 Earth Magic
 + Level 5.4 Poison Magic
 + Level 7.1 Invocations
 + Level 6.5 Evocations


You had 9 spell levels left.
You knew the following spells:

 Your Spells              Type           Power      Damage    Failure   Level
a - Magic Dart            Conj           92%        1d7       1%          1
b - Blink                 Tloc           46%        N/A       1%          2
c - Slow                  Hex            84%        N/A       1%          1
d - Mephitic Cloud        Conj/Pois/Air  22%        N/A       1%          3
e - Call Imp              Summ           23%        N/A       1%          2
f - Fireball              Conj/Fire      16%        3d8       19%         5
q - Conjure Flame         Conj/Fire      33%        6-21      1%          3
r - Wereblood             Tmut           21%        N/A       1%          2
z - Beastly Appendage     Tmut           42%        N/A       1%          1

Your spell library contained the following spells:

 Spells                   Type           Power      Damage    Failure   Level
 Animate Skeleton         Necr           42%        N/A       1%          1
 Apportation              Tloc           46%        N/A       1%          1
 Summon Small Mammal      Summ           92%        N/A       1%          1
 Spider Form              Tmut/Pois      21%        N/A       1%          3
 Stone Arrow              Conj/Erth      44%        3d9       1%          3
 Animate Armour           Summ/Erth      44%        N/A       6%          4
 Animate Dead             Necr           10%        N/A       7%          4
 Starburst                Conj/Fire      16%        6d6       73%         6
 Haunt                    Necr/Summ      11%        N/A       99%         7
 Ignition                 Fire           16%        3d6       100%        8
 Infestation              Necr           10%        N/A       100%        8
 Lehudib's Crystal Spear  Conj/Erth      11%        10d4      100%        8


Dungeon Overview and Level Annotations

Branches:
Dungeon (10/15)            Temple (1/1) D:5            Lair (0/6) D:9
    Orc (2/2) D:9
    Elf: Orc:2

Altars:
Ashenzari
Cheibriados
Dithmenos
Elyvilon
Fedhas
Gozag
Hepliaklqana
Kikubaaqudgha
Makhleb
Nemelex Xobeh
Okawaru
Qazlal
Ru
Sif Muna
Trog
Uskayaw
Vehumet
Wu Jian
Xom
Yredelemnul
Zin
The Shining One

Shops:
D:6 *=   D:8 (


Innate Abilities, Weirdness & Mutations

You have temporarily grown beastly horns and talons.
You have very sharp teeth.
Your uncanny sense of smell can sniff out nearby items.
Your experience applies equally to all skills.
Your flesh is cold resistant. (rC+)
Your natural rate of healing is unusually fast.
Your spells are a little easier to cast, but a little less powerful.


Message History

Your horns disappear.
Your talons disappear.
Your +0 hat unmelds from your body.
Your +0 pair of boots unmelds from your body.
You start resting.
Your magical contamination has completely faded away.
You start resting.
HP restored.
You start resting.
Magic restored.
There is a stone staircase leading down, spattered with blood here.
Casting: Mephitic Cloud (safe; 1% risk of failure)
Confirm with . or Enter, or press ? or * to list all spells.
You grow a pair of large bovine horns.
Your feet morph into talons.
Your +0 hat melds into your body.
Your +0 pair of boots melds into your body.
Casting: Beastly Appendage (safe; 1% risk of failure)
Confirm with . or Enter, or press ? or * to list all spells.
Your blood is infused with primal strength.
Casting: Wereblood (safe; 1% risk of failure)
Confirm with . or Enter, or press ? or * to list all spells.
Okay, then.
You climb downwards.
The orc warrior hits you with a +3 flail!
The orc knight roars a battlecry!
The orcs go into a battle-frenzy!
The orc priest begins to cast a cantrip, but forgets the words!
The orc priest mumbles some strange prayers to Beogh against you.
Beogh smites you!
The orc warrior hits you with a +3 flail!
There is a stone staircase leading up, spattered with blood here.
You see here a +0 club.
Unknown command.
The orc priest calls down the wrath of Beogh upon you.
Pain shoots through your body!
The orc warrior hits you with a +3 flail!!
* * * LOW HITPOINT WARNING * * *
The orc priest hits you with a +0 mace.
* * * LOW HITPOINT WARNING * * *
The orc knight hits you with a +0 dire flail!
You die...

##..............
#...............
##........#......
#####...............$
###.#..................
##.............##.#.....
#....#........######....
#....)oo.)....#.##.....
##.###@o)..............
# #)o).)............
###o..............
#...o.[........<.
##...[[.......
####......... #.........
.......... #...##....#


You could see an orc knight, an orc warrior (strong), 3 orc priests and an orc
(strong).

Vanquished Creatures
  Erolcha (Orc:1)
  A two-headed ogre (D:8)
  Sonja (D:9)
  An orc knight (D:9)
  3 orc sorcerers
  3 trolls
  Prince Ribbit (D:8)
  2 wyverns
  4 steam dragons
  2 acid dragons (D:9)
  5 wargs
  3 ice beasts
  15 orc warriors
  A sky beast (D:8)
  5 ogres
  4 centaurs
  A phantom (D:7)
  4 bullfrogs
  2 necrophages
  4 scorpions
  A wight (D:8)
  10 killer bees
  2 howler monkeys
  4 hounds
  8 orc priests
  3 jellies
  2 iguanas (D:5)
  17 orc wizards
  8 adders
  3 shadow imps
  A white imp (D:6)
  2 ufetubi
  A worm (D:5)
  3 dart slugs
  51 orcs
  4 endoplasms
  2 giant cockroaches (D:4)
  7 goblins
  6 hobgoblins
  5 jackals
  6 kobolds
  3 quokkas
  3 ball pythons
  6 bats
  A frilled lizard (D:2)
  4 rats
226 creatures vanquished.

Vanquished Creatures (collateral kills)
  An orc warrior (D:9)
  A killer bee (D:8)
  An orc (D:9)
  A goblin (D:2)
  A hobgoblin (D:2)
  A jackal (D:1)
6 creatures vanquished.

Vanquished Creatures (others)
  A warg (D:9)
  An orc wizard (D:9)
  An orc (D:6)
3 creatures vanquished.

Grand Total: 235 creatures vanquished

Notes
Turn   | Place    | Note
-------+----------+-------------------------------------------
     0 | D:1      | Ignak the Gnoll Hedge Wizard began the quest for the Orb.
     0 | D:1      | Reached XP level 1. HP: 13/13 MP: 8/8
    83 | D:1      | Reached XP level 2. HP: 12/19 MP: 3/10
    92 | D:1      | Learned a level 2 spell: Blink
    95 | D:1      | Learned a level 2 spell: Call Imp
   949 | D:2      | Learned a level 1 spell: Slow
  1157 | D:2      | Reached XP level 3. HP: 18/25 MP: 4/11
  1260 | D:2      | Learned a level 3 spell: Mephitic Cloud
  1281 | D:2      | Identified the +9 mace "Neph" {freeze, rC- Str+4 Dex+3
                  | Stlth+}
  1285 | D:2      | You fall into a shaft and drop 1 floor!
  1294 | D:3      | Reached skill level 1 in Invocations
  2308 | D:3      | Learned a level 1 spell: Beastly Appendage
  2366 | D:3      | Reached skill level 1 in Fighting
  2366 | D:3      | Reached skill level 1 in Short Blades
  2366 | D:3      | Reached skill level 1 in Long Blades
  2366 | D:3      | Reached skill level 1 in Axes
  2366 | D:3      | Reached skill level 1 in Maces & Flails
  2366 | D:3      | Reached skill level 1 in Polearms
  2366 | D:3      | Reached skill level 1 in Staves
  2366 | D:3      | Reached skill level 1 in Slings
  2366 | D:3      | Reached skill level 1 in Bows
  2366 | D:3      | Reached skill level 1 in Crossbows
  2366 | D:3      | Reached skill level 1 in Throwing
  2366 | D:3      | Reached skill level 1 in Armour
  2366 | D:3      | Reached skill level 1 in Shields
  2366 | D:3      | Reached skill level 1 in Unarmed Combat
  2366 | D:3      | Reached skill level 1 in Evocations
  2387 | D:3      | Reached XP level 4. HP: 22/32 MP: 13/13
  3051 | D:4      | Reached skill level 1 in Hexes
  3051 | D:4      | Reached skill level 1 in Necromancy
  3051 | D:4      | Reached skill level 1 in Transmutations
  3051 | D:4      | Reached skill level 1 in Fire Magic
  3051 | D:4      | Reached skill level 1 in Ice Magic
  3051 | D:4      | Reached skill level 1 in Air Magic
  3051 | D:4      | Reached skill level 1 in Earth Magic
  3051 | D:4      | Reached skill level 1 in Poison Magic
  3201 | D:4      | Reached XP level 5. HP: 34/37 MP: 14/14
  3905 | D:5      | Entered Level 5 of the Dungeon
  3906 | D:5      | Noticed an ogre
  3912 | D:5      | Killed an ogre
  3913 | D:5      | Reached skill level 5 in Dodging
  3913 | D:5      | Reached XP level 6. HP: 44/44 MP: 12/16
  3922 | D:5      | Noticed an ice beast
  4254 | D:4      | Learned a level 3 spell: Conjure Flame
  4595 | D:4      | HP: 1/44 [ice beast (8)]
  5071 | D:4      | Killed an ice beast
  5305 | D:5      | Reached XP level 7. HP: 50/50 MP: 18/18
  5942 | D:5      | Found a staircase to the Ecumenical Temple.
  5954 | Temple   | Entered the Ecumenical Temple
  6183 | Temple   | Became a worshipper of Sif Muna the Loreminder
  6752 | D:6      | Noticed a steam dragon
  6762 | D:6      | Killed a steam dragon
  6763 | D:6      | Reached skill level 5 in Stealth
  6772 | D:6      | Found Jomed's Neck Hole.
  6777 | D:6      | Reached XP level 8. HP: 20/57 MP: 14/19
  7010 | D:6      | Found Toefu's Jewellery Shoppe.
  8073 | D:6      | Identified the +0 ring mail "Mueto" {rF+ rN+ Str+3 Int-4}
  8275 | D:6      | Reached skill level 8 in Spellcasting
  8324 | D:6      | Reached * piety under Sif Muna
  8614 | D:6      | Gained mutation: Your spells are a little easier to cast,
                  | but a little less powerful. [potion of mutation]
  8614 | D:6      | Gained mutation: Your flesh is cold resistant. (rC+)
                  | [potion of mutation]
  8614 | D:6      | Gained mutation: Your natural rate of healing is unusually
                  | fast. [potion of mutation]
  8988 | D:7      | Reached XP level 9. HP: 65/65 MP: 21/21
  9063 | D:7      | Found an ornate altar of the Wu Jian Council.
  9503 | D:8      | Found Buasaury's Antique Weapon Shoppe.
  9694 | D:8      | Reached skill level 5 in Invocations
  9724 | D:8      | Noticed a two-headed ogre
  9739 | D:8      | Killed a two-headed ogre
  9740 | D:8      | Reached XP level 10. HP: 34/73 MP: 18/22
  9969 | D:8      | Noticed Prince Ribbit
  9983 | D:8      | Killed Prince Ribbit
  9984 | D:8      | Reached skill level 5 in Fighting
  9984 | D:8      | Reached skill level 5 in Short Blades
  9984 | D:8      | Reached skill level 5 in Long Blades
  9984 | D:8      | Reached skill level 5 in Axes
  9984 | D:8      | Reached skill level 5 in Maces & Flails
  9984 | D:8      | Reached skill level 5 in Polearms
  9984 | D:8      | Reached skill level 5 in Staves
  9984 | D:8      | Reached skill level 5 in Slings
  9984 | D:8      | Reached skill level 5 in Bows
  9984 | D:8      | Reached skill level 5 in Crossbows
  9984 | D:8      | Reached skill level 5 in Throwing
  9984 | D:8      | Reached skill level 5 in Armour
  9984 | D:8      | Reached skill level 5 in Shields
  9984 | D:8      | Reached skill level 5 in Unarmed Combat
  9984 | D:8      | Reached skill level 5 in Evocations
 10447 | D:9      | Reached ** piety under Sif Muna
 10812 | D:9      | Reached skill level 9 in Spellcasting
 10976 | D:9      | Found a staircase to the Lair.
 10983 | D:9      | Reached skill level 5 in Conjurations
 10983 | D:9      | Reached skill level 5 in Summonings
 10983 | D:9      | Reached skill level 5 in Translocations
 11011 | D:9      | Found a staircase to the Orcish Mines.
 11117 | D:9      | Learned a level 2 spell: Wereblood
 11437 | Orc:1    | Entered Level 1 of the Orcish Mines
 11437 | Orc:1    | Noticed Sonja
 11437 | Orc:1    | Noticed an orc sorcerer
 11639 | D:10     | Entered Level 10 of the Dungeon
 11789 | D:9      | Killed Sonja
 11790 | D:9      | Reached XP level 11. HP: 53/81 MP: 16/24
 11797 | D:9      | Killed an orc sorcerer
 12004 | Orc:1    | Reached skill level 5 in Hexes
 12004 | Orc:1    | Reached skill level 5 in Necromancy
 12004 | Orc:1    | Reached skill level 5 in Transmutations
 12004 | Orc:1    | Reached skill level 5 in Fire Magic
 12004 | Orc:1    | Reached skill level 5 in Ice Magic
 12004 | Orc:1    | Reached skill level 5 in Air Magic
 12004 | Orc:1    | Reached skill level 5 in Earth Magic
 12004 | Orc:1    | Reached skill level 5 in Poison Magic
 12084 | Orc:1    | Noticed an orc knight
 12101 | Orc:1    | Noticed an orc sorcerer
 12105 | Orc:1    | Noticed Erolcha
 12111 | Orc:1    | Reached *** piety under Sif Muna
 12135 | Orc:1    | Noticed a sixfirhy
 12177 | D:9      | Killed an orc sorcerer
 12219 | D:9      | Killed an orc knight
 12375 | Orc:1    | Killed Erolcha
 12786 | Orc:1    | Learned a level 5 spell: Fireball
 12815 | Orc:2    | Entered Level 2 of the Orcish Mines
 12990 | Orc:2    | Noticed an orc sorcerer
 13156 | Orc:1    | Killed an orc sorcerer
 13221 | Orc:2    | Noticed an orc knight
 13353 | Orc:2    | Slain by an orc knight

Illustrated notes

Levels and vault maps discovered:
D:1:      erik_arrival_blinker_ship, layout_loops_cross
D:2:      layout_loops_ring, minmay_fountain_box
D:3:      layout_basic, chequers_avenue
D:4:      minmay_evil_eye, layout_basic
D:5:      layout_cave_pools, minmay_temple_entry_tees,
          kennysheep_decorative_pillar
D:6:      layout_loops_ring, serial_shops,
          nicolae_shop_competitors_out_of_business,
          nicolae_shop_sticking_my_neck_out
D:7:      layout_loops_ring, nicolae_wu_jian_immortal_techniques
D:8:      layout_loops_corners, serial_shops, nicolae_shop_waterfront,
          minmay_misc_feat_secret_circle, nrook_mini_vaults,
          kennysheep_generic_room_7, uniq_prince_ribbit1
D:9:      layout_cave_pools, erik_lair_orcish_takeover
D:10:     layout_rooms, serial_shops, nicolae_shop_waterfront, special_room
          [special_room_orc]
Temple:   roderic_octagonal_lattice_temple
Orc:1:    layout_caves, uniq_erolcha, uniq_sonja
Orc:2:    st_orc_pillars, layout_diamond_mine, biasface_ghost_orc_armoury

Skill      XL: |  1  2  3  4  5  6  7  8  9 10 11 |
---------------+----------------------------------+-----
Conjurations   | 2 3 4 5 |  5.9
Summonings     | 2 3 4 5 |  5.9
Translocations | 2 3 4 5 |  5.9
Invocations    | 1 2 3 4 5 6 7 |  7.1
Fighting       | 1 2 3 4 5 6 |  6.5
Short Blades   | 1 2 3 4 5 6 |  6.5
Long Blades    | 1 2 3 4 5 6 |  6.5
Axes           | 1 2 3 4 5 6 |  6.5
Maces & Flails | 1 2 3 4 5 6 |  6.5
Polearms       | 1 2 3 4 5 6 |  6.5
Staves         | 1 2 3 4 5 6 |  6.5
Slings         | 1 2 3 4 5 6 |  6.5
Bows           | 1 2 3 4 5 6 |  6.5
Crossbows      | 1 2 3 4 5 6 |  6.5
Throwing       | 1 2 3 4 5 6 |  6.5
Armour         | 1 2 3 4 5 6 |  6.5
Shields        | 1 2 3 4 5 6 |  6.5
Unarmed Combat | 1 2 3 4 5 6 |  6.5
Evocations     | 1 2 3 4 5 6 |  6.5
Hexes          | 1 2 3 4 5 |  5.4
Necromancy     | 1 2 3 4 5 |  5.4
Transmutations | 1 2 3 4 5 |  5.4
Fire Magic     | 1 2 3 4 5 |  5.4
Ice Magic      | 1 2 3 4 5 |  5.4
Air Magic      | 1 2 3 4 5 |  5.4
Earth Magic    | 1 2 3 4 5 |  5.4
Poison Magic   | 1 2 3 4 5 |  5.4
Dodging        | 5 6 7 8 |  8.0
Stealth        | 5 6 7 |  7.8
Spellcasting   | 8 9 |  9.8

Action                   |  1- 3 |  4- 6 |  7- 9 | 10-12 || total
-------------------------+-------+-------+-------+-------++-------
Melee: Dagger            |    16 |       |       |       ||    16
       Bite              |     5 |     7 |    14 |    34 ||    60
       Spear             |    38 |    25 |    25 |       ||    88
       Mace              |    20 |    47 |   147 |   258 ||   472
       Kick              |       |       |     7 |    49 ||    56
       Headbutt          |       |       |     6 |    31 ||    37
       Punch             |       |       |     4 |     5 ||     9
Throw: Javelin           |       |     1 |     4 |       ||     5
 Cast: Magic Dart        |     7 |    10 |    13 |     7 ||    37
       Call Imp          |     2 |     7 |     7 |     9 ||    25
       Blink             |     1 |     9 |    13 |    16 ||    39
       Mephitic Cloud    |       |     1 |    22 |    47 ||    70
       Conjure Flame     |       |    16 |     6 |       ||    22
       Slow              |       |     2 |       |     5 ||     7
       Beastly Appendage |       |     1 |     3 |    29 ||    33
       Wereblood         |       |       |       |    14 ||    14
       Fireball          |       |       |       |     6 ||     6
Evoke: Wand              |       |    10 |       |     6 ||    16
  Use: Potion            |     6 |     5 |     2 |     1 ||    14
       Scroll            |     1 |     8 |     5 |     3 ||    17
 Stab: Sleeping          |    13 |     9 |     5 |     2 ||    29
       Confused          |       |       |    11 |    19 ||    30
Armor: Robe              |    17 |     8 |     9 |       ||    34
       Ring mail         |       |       |    33 |    82 ||   115
       Steam dragon scal |       |       |       |    23 ||    23
Dodge: Dodged            |    71 |    46 |   104 |   253 ||   474
       Repelled          |       |     1 |     3 |     8 ||    12

Table legend: (Time is in decaauts)
 A = Elapsed time spent in this place.
 B = Non-inter-level travel time spent in this place.
 C = Inter-level travel time spent in this place.
 D = Time resting spent in this place.
 E = Time spent auto-exploring this place.
 F = Levels seen in this place.
 G = Mean time per level.
                   A        B        C        D        E       F      G
               +--------+--------+--------+--------+--------+-----+--------+
         Total |  13452 |  13217 |    235 |   3790 |   4972 |  13 | 1034.8 |
       Dungeon |  11870 |  11654 |    216 |   3448 |   4537 |  10 | 1187.0 |
        Temple |    250 |    231 |     19 |      0 |    202 |   1 |  250.0 |
  Orcish Mines |   1331 |   1331 |      0 |    342 |    233 |   2 |  665.5 |
               +--------+--------+--------+--------+--------+-----+--------+

Top non-repeatable levels by time:
     D:4: 2355 daAuts
     D:3: 1651 daAuts
     D:9: 1553 daAuts
     D:6: 1360 daAuts
     D:5: 1328 daAuts
     D:8: 1215 daAuts
   Orc:1: 1203 daAuts
     D:1: 876 daAuts
     D:2: 867 daAuts
     D:7: 628 daAuts
  Temple: 250 daAuts
   Orc:2: 128 daAuts
    D:10: 33 daAuts
